 Dungeon Crawl Stone Soup version 0.27.1-3-gb3d3a73c9e (webtiles) character file.

Game seed: 373605035452841033

88134 workbot the Slayer (level 15, -1/160 HPs)
             Began as a Minotaur Berserker on Oct 21, 2021.
             Was the Champion of Trog.
             Shot with an arrow by a deep elf archer (20 damage)
             ... on level 13 of the Dungeon.
             The game lasted 00:51:20 (24321 turns).

workbot the Slayer (Minotaur Berserker)            Turns: 24321, Time: 00:51:21

Health: -1/160     AC: 34    Str: 27    XL:     15   Next: 45%
Magic:  4/4        EV:  7    Int:  4    God:    Trog [******]
Gold:   1800       SH:  0    Dex: 11    Spells: 14/14 levels left

rFire    + . .     SeeInvis .   k - +9 dire flail (antimagic)
rCold    + . .     Faith    +   (shield currently unavailable)
rNeg     . . .     Spirit   .   d - +9 scales of the Dragon King {rPois rF+ rC+ Will+}
rPois    +         Reflect  .   (helmet restricted)
rElec    .         Harm     +   c - +1 cloak
rCorr    +         Rampage  .   (no gloves)
Will     +....                  f - +0 pair of boots "Merrusa" {Harm rPois Will-}
Stlth    ..........             h - amulet of faith
HPRegen  0.36/turn              y - ring of resist corrosion
MPRegen  0.09/turn              a - +4 ring of slaying

@: slowed, very slow
A: horns 2, retaliatory headbutt
a: Renounce Religion, Berserk, Trog's Hand, Brothers in Arms


You were on level 13 of the Dungeon.
You worshipped Trog.
Trog was exalted by your worship.
You visited 3 branches of the dungeon, and saw 21 of its levels.
You also visited: Ossuary and Bailey.

You collected 2817 gold pieces.
You spent 1017 gold pieces at shops.

Inventory:

Hand Weapons
 k - a +9 antimagic dire flail (weapon)
Armour
 c - a +1 cloak (worn)
 d - the +9 scales of the Dragon King (worn) {rPois rF+ rC+ Will+}
   (You found it on level 5 of the Dungeon)

   rF:        It protects you from fire.
   rC:        It protects you from cold.
   rPois:     It protects you from poison.
   Will:      It increases your willpower.
 f - the +0 pair of boots "Merrusa" (worn) {Harm rPois Will-}
   (You bought it in a shop on level 5 of the Dungeon)

   rPois:     It protects you from poison.
   Harm:      It increases damage dealt and taken.
   Will:      It decreases your willpower.
 v - the +6 scale mail of the Shining One's Envy {+Blink rF++ Int+2 Dex-5}
   (You found it on level 6 of the Lair of Beasts)

   Int:       It affects your intelligence (+2).
   Dex:       It affects your dexterity (-5).
   rF:        It greatly protects you from fire.
   +Blink:    It lets you blink.
Jewellery
 a - a +4 ring of slaying (right hand)
 e - a ring of see invisible
 h - an amulet of faith (around neck)
 y - a ring of resist corrosion (left hand)
Scrolls
 i - a scroll of blinking {unknown}
 j - a scroll of fog
 m - 4 scrolls of teleportation
 o - 2 scrolls of enchant weapon
 t - a scroll of summoning
 x - a scroll of fear
Potions
 b - 2 potions of ambrosia
 g - a potion of cancellation
 l - 5 potions of curing
 n - 2 potions of resistance
 p - a potion of flight
 q - a potion of mutation {unknown}
 r - 3 potions of haste
 s - 3 potions of heal wounds
 u - 3 potions of attraction {unknown}


   Skills:
 * Level 21.9 Fighting
 - Level 14.0 Maces & Flails
 + Level 17.2 Armour
 - Level 2.9 Dodging
 + Level 0.6 Stealth
 - Level 1.0 Unarmed Combat


You had 14 spell levels left.
You didn't know any spells.
Your spell library was empty.

Dungeon Overview and Level Annotations

Branches:
Dungeon (13/15)            Temple (0/1) D:4            Lair (6/6) D:8
 Shoals (0/4) Lair:2        Snake (0/4) Lair:4        Slime (0/5) Lair:5
    Orc (2/2) D:11            Elf (0/3) Orc:2       Ossuary (visited)
 Bailey (visited)
 Vaults: D:13-14

Altars:
Cheibriados
Beogh

Shops:
D:3 =   D:5 [   D:13 (   Orc:2 :=([

Annotations:
Lair:1 exclusion: oklob plant


Innate Abilities, Weirdness & Mutations

You have a pair of horns on your head.
You reflexively headbutt those who attack you in melee.


Message History

The ogre mage hits you but does no damage.
The ogre mage hits you but does no damage.
The deep elf archer shoots an arrow.
The arrow hits you! The ogre mage barely misses you.
The deep elf archer shoots an arrow.
The arrow hits you!
The ogre mage hits you but does no damage.
The ogre mage hits you but does no damage.
You can move again.
You bump into the metal wall.
You feel less confused.
The ogre mage hits you but does no damage.
The deep elf archer shoots an arrow.
The arrow hits you!! The ogre mage barely misses you.
The deep elf archer shoots an arrow.
The arrow hits you but does no damage.
The ogre mage hits you but does no damage.
You barely miss the ogre mage.
The ogre mage is moderately wounded.
The deep elf archer shoots an arrow.
The arrow hits you!!
* * * LOW HITPOINT WARNING * * *
You bludgeon the ogre mage!!
The ogre mage's magic leaks into the air.
You headbutt the ogre mage!
The ogre mage is almost dead.
The ogre mage hits you but does no damage.
You bludgeon the ogre mage!!
You kill the ogre mage!
Trog accepts your kill.
Trog appreciates your killing of a magic user.
The deep elf archer shoots an arrow.
The arrow hits you!
* * * LOW HITPOINT WARNING * * *
The deep elf archer shoots an arrow.
The arrow hits you.
* * * LOW HITPOINT WARNING * * *
Things that are here:
a +0 spear; a +0 robe; an ogre corpse The deep elf archer casts a spell at you.
You feel as though you will be slow longer.
Unknown command.
The deep elf archer shoots an arrow.
The arrow barely misses you.
The deep elf archer shoots an arrow.
The arrow hits you!
You die...

.8.# ##.≈≈≈≈..)..≈≈≈≈[ #
⌠..######.≈≈≈≈≈≈.).≈≈≈≈≈≈
#
.8.......≈≈≈≈≈≈≈..(≈≈≈≈≈≈
#
########.≈≈≈≈≈≈≈e!$≈≈≈≈≈≈
# ####[.###'''###p.# #
#...# #)..# ... # #...#
#...# .. # #...# #...# #
##'## #@#.# #
#.............. #
#..............
#$.^...........
########+######


You could see a deep elf archer (repels missiles).

Vanquished Creatures
  Frances (D:13)
  An orc warlord (Orc:2)
  A dire elephant (Lair:5)
  Snorg (Lair:4)
  Josephine (D:10)
  9 hydras
  Fannar (D:10)
  A vault guard (D:13)
  Erolcha (D:10)
  4 boulder beetles
  2 catoblepae
  A centaur warrior (D:13)
  An ogre mage (D:13)
  2 two-headed ogres
  A tengu warrior (D:11)
  17 death yaks
  A deep troll shaman (Lair:6)
  An orc high priest (Orc:2)
  Sonja (D:13)
  A lindwurm (Lair:5)
  An orc knight (D:13)
  3 orc sorcerers (Orc:2)
  2 cyclopes
  A manticore (D:12)
  11 elephants
  7 black mambas
  2 torpor snails (Lair:5)
  A gargoyle (D:12)
  Maggie (D:7)
  20 cane toads
  4 rime drakes
  An efreet (D:13)
  10 komodo dragons
  2 tengu conjurers
  9 trolls
  4 polar bears
  26 blink frogs
  A snapping turtle (Lair:2)
  Sigmund (D:2)
  A shadow (D:12)
  6 wyverns
  7 wraiths
  59 yaks
  Eustachio (D:6)
  6 basilisks
  3 vampire mosquitoes (D:12)
  A steam dragon (D:6)
  A warg (Orc:2)
  3 nagas (Lair:4)
  3 acid dragons
  17 water moccasins
  4 black bears
  An ice beast (D:5)
  29 orc warriors
  A necrophage (D:5)
  40 wolves
  7 ogres
  6 centaurs
  15 bullfrogs
  3 scorpions
  A water moccasin skeleton (D:6)
  4 wights (D:7)
  9 killer bees
  7 electric eels
  A howler monkey (D:8)
  2 centaur zombies (D:10)
  2 bullfrog zombies (D:6)
  3 jellies
  A bullfrog skeleton (D:5)
  19 orc priests
  2 centaur skeletons
  A gnoll shaman (D:8)
  3 hounds
  2 iguanas
  38 orc wizards
  A killer bee zombie (D:9)
  A hound skeleton (D:5)
  A howler monkey zombie (D:9)
  6 adders
  6 gnolls
  2 shadow imps (D:5)
  An ufetubus (D:4)
  2 worms
  69 orcs
  4 endoplasms
  10 giant cockroaches
  9 goblins
  8 hobgoblins
  7 jackals
  16 kobolds
  4 quokkas
  9 ball pythons
  2 bats (D:1)
  6 frilled lizards
  A gnoll zombie (D:4)
  12 rats
642 creatures vanquished.

Vanquished Creatures (collateral kills)
  An orc knight (Bailey)
  An orc sorcerer (Orc:2)
  4 orc warriors
  2 centaurs (D:12)
  2 orc priests
  3 orc wizards
  2 gnolls (Bailey)
  11 orcs
  A kobold (Bailey)
  A goblin (Orc:1)
28 creatures vanquished.

Vanquished Creatures (others)
  An orc wizard (D:9)
  11 fungi
  26 plants
38 creatures vanquished.

Grand Total: 708 creatures vanquished

Notes
Turn   | Place    | Note
-------+----------+-------------------------------------------
     0 | D:1      | workbot the Minotaur Berserker began the quest for the Orb.
     0 | D:1      | Reached XP level 1. HP: 19/19 MP: 0/0
   411 | D:1      | Reached XP level 2. HP: 25/27 MP: 1/1
   459 | D:1      | Reached skill level 4 in Fighting
   790 | D:1      | Reached ** piety under Trog
  1099 | D:1      | Reached XP level 3. HP: 32/33 MP: 2/2
  1285 | D:1      | Found a faded altar of an unknown god.
  1824 | D:2      | Noticed Sigmund
  1836 | D:2      | Killed Sigmund
  1837 | D:2      | Reached skill level 5 in Maces & Flails
  1837 | D:2      | Reached XP level 4. HP: 41/41 MP: 3/3
  1837 | D:2      | Reached XP level 5. HP: 47/47 MP: 4/4
  2149 | D:3      | Reached skill level 5 in Fighting
  2251 | D:3      | Found Kommauh's Jewellery Shoppe.
  2310 | D:3      | Reached XP level 6. HP: 56/56 MP: 5/5
  2435 | D:3      | Reached *** piety under Trog
  3133 | D:4      | Found a sand-covered staircase.
  3158 | Ossuary  | Entered an ossuary
  3743 | D:4      | Found a staircase to the Ecumenical Temple.
  3826 | D:4      | You fall into a shaft and drop 1 floor!
  3826 | D:5      | Entered Level 5 of the Dungeon
  3826 | D:5      | Noticed a water moccasin
  3829 | D:5      | Killed a water moccasin
  3830 | D:5      | Reached XP level 7. HP: 62/62 MP: 6/6
  3851 | D:5      | Reached skill level 6 in Fighting
  3927 | D:5      | Reached skill level 5 in Armour
  4205 | D:4      | Reached **** piety under Trog
  4291 | D:4      | Identified a scroll of acquirement
  4291 | D:4      | Acquired 575 gold pieces
  4337 | D:3      | Bought a +4 ring of slaying for 780 gold pieces
  4550 | D:5      | Found the +9 scales of the Dragon King {rPois rF+ rC+
                  | Will+}
  4781 | D:5      | Reached skill level 1 in Unarmed Combat
  4781 | D:5      | Reached XP level 8. HP: 67/71 MP: 7/7
  4920 | D:5      | Reached skill level 7 in Fighting
  5023 | D:5      | Found Irphofepp's Antique Armour Shop.
  5247 | D:6      | Noticed Eustachio
  5258 | D:6      | Killed Eustachio
  5400 | D:6      | Reached skill level 8 in Fighting
  5518 | D:6      | Reached skill level 10 in Maces & Flails
  5821 | D:6      | Reached XP level 9. HP: 82/82 MP: 8/8
  6942 | D:7      | Noticed Maggie
  6952 | D:7      | Killed Maggie
  6953 | D:7      | Reached skill level 9 in Fighting
  7365 | D:8      | Found a staircase to the Lair.
  7368 | D:8      | Noticed a troll
  7375 | D:8      | Reached ***** piety under Trog
  7379 | D:8      | Killed a troll
  7662 | D:8      | Found a snail-covered altar of Cheibriados.
  7709 | D:8      | Reached XP level 10. HP: 91/91 MP: 9/9
  8524 | D:5      | Bought a pair of brightly glowing boots for 237 gold pieces
  8524 | D:5      | Identified the +0 pair of boots "Merrusa" {Harm rPois
                  | Will-} (You bought it in a shop on level 5 of the Dungeon)
  8644 | Lair:1   | Entered Level 1 of the Lair of Beasts
  8713 | D:9      | Identified the +0 cloak of the Assorted Curses {MP+9}
  8762 | D:9      | Noticed a two-headed ogre
  8767 | D:9      | Killed a two-headed ogre
  8775 | D:9      | Reached skill level 10 in Fighting
  8777 | D:9      | Identified the +0 ring mail of the Albatross {+Blink rElec
                  | rPois}
  8875 | D:9      | Received a gift from Trog
  9529 | D:10     | Entered Level 10 of the Dungeon
  9550 | D:10     | Noticed Josephine
  9562 | D:10     | Killed Josephine
  9564 | D:10     | Reached skill level 11 in Fighting
  9567 | D:10     | Reached XP level 11. HP: 102/102 MP: 3/10
  9568 | D:10     | Noticed Fannar
  9575 | D:10     | Killed Fannar
  9576 | D:10     | Reached skill level 10 in Armour
 10042 | D:10     | Noticed Erolcha
 10049 | D:10     | Killed Erolcha
 10050 | D:10     | Reached skill level 12 in Fighting
 10408 | D:11     | Received a gift from Trog
 10482 | D:11     | Found a staircase to the Orcish Mines.
 10498 | D:11     | Noticed a four-headed hydra
 10501 | D:11     | Killed a four-headed hydra
 10587 | Lair:1   | Reached skill level 13 in Fighting
 10924 | Lair:1   | Reached skill level 14 in Fighting
 10966 | Lair:1   | Reached XP level 12. HP: 79/117 MP: 3/11
 12001 | Lair:2   | Noticed a catoblepas
 12031 | Lair:2   | Killed a catoblepas
 12032 | Lair:2   | Reached skill level 15 in Fighting
 12182 | Lair:2   | Found a staircase to the Shoals.
 12641 | Lair:2   | Received a gift from Trog
 12808 | Lair:2   | Reached skill level 16 in Fighting
 13486 | Lair:3   | Noticed a death yak
 13487 | Lair:3   | Noticed a death yak
 13488 | Lair:3   | Noticed a death yak
 13488 | Lair:3   | Noticed a death yak
 13488 | Lair:3   | Noticed a death yak
 13490 | Lair:3   | Noticed a death yak
 13492 | Lair:3   | Killed a death yak
 13493 | Lair:3   | Reached skill level 17 in Fighting
 13493 | Lair:3   | Reached XP level 13. HP: 132/132 MP: 4/12
 14580 | Lair:4   | Found a staircase to the Snake Pit.
 14710 | Lair:4   | Reached skill level 18 in Fighting
 15018 | Lair:4   | Noticed Snorg
 15031 | Lair:4   | Killed Snorg
 16185 | Lair:5   | Reached ****** piety under Trog
 16284 | Lair:5   | Reached skill level 15 in Armour
 16296 | Lair:5   | Reached skill level 19 in Fighting
 16334 | Lair:5   | Reached XP level 14. HP: 117/146 MP: 4/13
 17338 | Lair:5   | Found a staircase to the Slime Pits.
 17532 | Lair:6   | Entered Level 6 of the Lair of Beasts
 17666 | Lair:6   | Received a gift from Trog
 18049 | Lair:6   | Reached skill level 20 in Fighting
 18627 | Lair:6   | Identified the +6 scale mail of the Shining One's Envy
                  | {+Blink rF++ Int+2 Dex-5}
 19312 | Orc:1    | Entered Level 1 of the Orcish Mines
 19349 | Orc:1    | Received a gift from Trog
 19681 | Orc:1    | Found a flagged portal.
 19687 | Bailey   | Entered a bailey
 20298 | Orc:2    | Entered Level 2 of the Orcish Mines
 20443 | Orc:2    | Noticed an orc warlord
 20455 | Orc:2    | Killed an orc warlord
 20456 | Orc:2    | Received a gift from Trog
 20586 | Orc:2    | Found a staircase to the Elven Halls.
 21146 | Orc:2    | Reached skill level 21 in Fighting
 21156 | Orc:2    | Reached XP level 15. HP: 108/158 MP: 4/14
 21308 | Orc:2    | Found Coafinna's Jewellery Shop.
 21308 | Orc:2    | Found Fudwe's Book Shop.
 21308 | Orc:2    | Found Totifuk's Antique Weapon Boutique.
 21328 | Orc:2    | Found Deasucoy's Antique Armour Boutique.
 22310 | D:11     | Received a gift from Trog
 23659 | D:13     | Found Kizirphan's Weapon Boutique.
 24067 | D:13     | Noticed Frances
 24091 | D:13     | Killed Frances
 24263 | D:13     | Acquired a ring of resist corrosion
 24273 | D:13     | Noticed Sonja
 24282 | D:13     | Killed Sonja
 24308 | D:13     | Paralysed by an ogre mage for 5 turns
 24321 | D:13     | Shot with an arrow by a deep elf archer

Illustrated notes

Levels and vault maps discovered:
D:1:      dpeg_arrival_ratfight, layout_loops_ring,
          hellmonk_ecumenical_altar_pennies_from_heaven
D:2:      kennysheep_big_flooded_room, layout_basic, minmay_octomino_e4,
          uniq_sigmund
D:3:      layout_loops_corners, serial_shops, shop_fountains, minmay_mini_jars
D:4:      layout_basic, minmay_temple_entry_gardened_gates, enter_ossuary_3
D:5:      layout_loops_ring, serial_shops, nicolae_stop_n_shop_2
D:6:      layout_basic, uniq_eustachio
D:7:      layout_basic, uniq_maggie
D:8:      layout_basic, lemuel_coloured_pillars_altar, erik_lair_island
D:9:      layout_roguey
D:10:     layout_irregular_city, uniq_fannar, uniq_erolcha, uniq_josephine
D:11:     layout_irregular_city, hiddenorc1_lemuel, minmay_misc_feat_diagonals
D:12:     layout_basic, wad_floor_pattern_2, kennysheep_generic_room_4
D:13:     layout_basic, grunt_vaults_entry_fortified, serial_shops,
          nicolae_shop_temple_entry_statues_fountains, uniq_frances, uniq_sonja
Lair:1:   layout_long_grid, gammafunk_lair_bear_cave,
          infiniplex_staircase_pool_2, minmay_lair_oklob_chamber,
          grunt_megastairs_5
Lair:2:   layout_regular_city, minmay_shoals_entry_hut
Lair:3:   layout_cave_pods
Lair:4:   layout_layer_cave, minmay_snake_entry_guardpost_small, uniq_snorg
Lair:5:   nzn_winding_woodlands_huge [nzn_winding_woodlands_5x15_pool,
          nzn_winding_woodlands_5x15_pathside_ponds,
          nzn_winding_woodlands_5x15_parted, nzn_winding_woodlands_5x15_twine,
          nzn_winding_woodlands_5x15_lazy_stream,
          nzn_winding_woodlands_5x15_split_checker,
          nzn_winding_woodlands_5x15_eye, nzn_winding_woodlands_5x15_jagged,
          nzn_winding_woodlands_5x15_concentric,
          nzn_winding_woodlands_5x15_garden,
          nzn_winding_woodlands_center_diamonds,
          nzn_winding_woodlands_center_garden,
          nzn_winding_woodlands_15x15_eel_pit], layout_regular_city,
          dpeg_slime_entry_corner
Lair:6:   grunt_lair_end_beastmaster, layout_gridlike, lemuel_fruit_tree
Orc:1:    layout_caves, basic_altar, enter_bailey_3
Orc:2:    st_orc_mages, layout_diamond_mine

Skill      XL: |  1  2  3  4  5  6  7  8  9 10 11 12 13 14 15 |
---------------+----------------------------------------------+-----
Maces & Flails | 4 5 6 7 8 10 12 14 | 14.0
Fighting       | 4 5 6 8 9 11 14 17 19 21 | 21.9
Armour         | 3 4 5 6 7 9 11 13 15 16 17 | 17.2
Unarmed Combat | 1 |  1.0
Dodging        | |  2.9
Stealth        | |  0.6

Action                   |  1- 3 |  4- 6 |  7- 9 | 10-12 | 13-15 || total
-------------------------+-------+-------+-------+-------+-------++-------
Melee: Mace              |    89 |   103 |   190 |       |       ||   382
       Headbutt          |     8 |    20 |    57 |    61 |   159 ||   305
       Unarmed           |       |       |    56 |       |       ||    56
       Punch             |       |       |     3 |     2 |       ||     5
       Flail             |       |       |    19 |    57 |       ||    76
       Dire flail        |       |       |       |   325 |   733 ||  1058
Invok: Berserk           |     2 |     3 |     7 |    11 |     8 ||    31
       Brothers in Arms  |       |       |       |     2 |     5 ||     7
       Trog's Hand       |       |       |       |       |     2 ||     2
  Use: Scroll            |       |       |     8 |     9 |    15 ||    32
       Potion            |       |       |     4 |       |     7 ||    11
 Stab: Sleeping          |     1 |       |       |       |       ||     1
Armor: Chain mail        |    48 |    58 |    52 |       |       ||   158
       Animal skin       |     1 |       |       |       |       ||     1
       Gold dragon scale |       |       |   147 |   237 |   534 ||   918
Dodge: Dodged            |    33 |    48 |    64 |    93 |   207 ||   445
